 Dungeon Crawl Stone Soup version 0.22-a0-21-g9421e3f (webtiles) character file.

89995 graki42 the Eclecticist (level 15, -1/75 HPs)
             Began as a Deep Elf Fire Elementalist on Dec 28, 2017.
             Was a High Priest of Vehumet.
             Slain by TheDeThijs's ghost (6 damage)
             ... on level 4 of the Swamp on Jan 2, 2018.
             The game lasted 02:39:48 (29978 turns).

graki42 the Eclecticist (DEFE)                     Turns: 29978, Time: 02:39:48

Health: -1/75      AC:  8    Str:  8    XL:     15   Next: 50%
Magic:  26/48      EV: 15    Int: 24    God:    Vehumet [*****.]
Gold:   1813       SH:  0    Dex: 15    Spells: 24/51 levels left

rFire    + . .     SeeInvis .   D - staff of conjuration
rCold    . . .     Gourm    +   (no shield)
rNeg     . . .     Faith    .   n - +0 leather armour {rF+}
rPois    .         Spirit   .   (helmet restricted)
rElec    .         Reflect  .   h - +0 cloak
rCorr    .         Harm     .   v - +0 pair of gloves
MR       ++...                  V - +0 pair of boots
Stlth    +++.......             A - amulet of the gourmand
HPRegen  0.22/turn              j - ring of flight
MPRegen  0.31/turn              q - ring of magical power

@: no status effects
A: horns 1, talons 1, slimy green scales 1, magic resistance 1
a: Renounce Religion, Evoke Flight


You were on level 4 of the Swamp.
You worshipped Vehumet.
Vehumet was extremely pleased with you.
You were very full.

You visited 5 branches of the dungeon, and saw 23 of its levels.
You also visited: Labyrinth and Bailey.

You collected 2813 gold pieces.
You spent 1000 gold pieces at shops.

Inventory:

Armour
 h - a +0 cloak (worn)
 n - a +0 leather armour of fire resistance (worn)
 o - a +2 robe of cold resistance
 v - a +0 pair of gloves (worn)
 V - a +0 pair of boots (worn)
Magical Staves
 y - an uncursed staff of fire
 D - an uncursed staff of conjuration (weapon)
 R - an uncursed staff of wizardry
Jewellery
 a - a +6 ring of intelligence
 f - an uncursed amulet of magic regeneration
 i - a +5 ring of evasion
 j - a ring of flight (left hand)
 q - a ring of magical power (right hand)
 x - an uncursed ring of positive energy {unknown}
 A - an amulet of the gourmand (around neck)
 W - an uncursed ring of fire
Wands
 b - a wand of enslavement (23)
 e - a wand of iceblast (13)
 r - a wand of disintegration (13)
 t - a wand of clouds (12)
 u - a wand of random effects (99)
 w - a wand of polymorph (16)
 E - a wand of digging (12)
 I - a wand of paralysis (17)
 K - a wand of flame (33)
 T - a wand of acid (7)
Scrolls
 d - a scroll of blinking
 k - 7 scrolls of teleportation
 m - a scroll of fog
 s - 3 scrolls of magic mapping
 B - 5 scrolls of immolation
 F - a scroll of identify
 G - a scroll of acquirement {unknown}
 H - 11 scrolls of remove curse
Potions
 g - 8 potions of haste
 l - 8 potions of curing
 p - 3 potions of lignification
 z - a potion of heal wounds
 C - 4 potions of magic
 L - 3 potions of flight
 M - a potion of ambrosia
Comestibles
 c - 53 rations


   Skills:
 + Level 1.9 Fighting
   Level 2.3 Long Blades
   Level 0.9 Polearms
 + Level 2.5 Armour
 + Level 6.9 Dodging
 + Level 5.8 Stealth
 + Level 18.9 Spellcasting
 + Level 15.0 Conjurations
 * Level 7.1 Hexes
 + Level 16.0 Fire Magic
 + Level 3.3 Earth Magic
 + Level 3.0 Evocations


You had 24 spell levels left.
You knew the following spells:

 Your Spells              Type           Power        Failure   Level  Hunger
a - Flame Tongue          Conj/Fire      #####        0%          1    None
b - Conjure Flame         Conj/Fire      #######.     0%          3    None
c - Inner Flame           Hex/Fire       ######..     1%          3    None
d - Sticky Flame          Conj/Fire      #######.     1%          4    None
e - Fireball              Conj/Fire      #######...   1%          5    None
f - Bolt of Magma         Conj/Fire/Erth #######...   1%          5    None
g - Invisibility          Hex            ######..     24%         6    ###....


Dungeon Overview and Level Annotations

Branches:
Dungeon (10/15)            Temple (1/1) D:6            Lair (6/6) D:10
  Swamp (4/4) Lair:3        Snake (0/4) Lair:2        Slime (0/5) Lair:6
    Orc (2/2) D:9             Elf (0/3) Orc:2

Altars:
Ashenzari
Cheibriados
Dithmenos
Elyvilon
Fedhas
Gozag
Hepliaklqana
Kikubaaqudgha
Makhleb
Nemelex Xobeh
Okawaru
Qazlal
Ru
Sif Muna
Trog
Uskayaw
Vehumet
Wu Jian
Xom
Yredelemnul
Zin
The Shining One
Beogh

Shops:
D:9 *   Orc:2 *:?=

Annotations:
Swamp:4 TheDeThijs's ghost, adept HOFi


Innate Abilities, Weirdness & Mutations

You have a pair of small horns on your head.
You have sharp toenails.
You are partially covered in slimy green scales. (AC +2)
You are resistant to hostile enchantments. (MR+)


Message History

You feel a surge of power!
The bolt of magma misses TheDeThijs's ghost.
TheDeThijs's ghost is engulfed in blazing flames.
TheDeThijs's ghost hits you!! TheDeThijs's ghost freezes you!
Casting: Bolt of Magma
Confirm with . or Enter, or press ? or * to list all spells.
Aiming: Bolt of Magma
Press: ? - help, Shift-Dir - straight line, f/p - TheDeThijs's ghost
Aim: TheDeThijs's ghost, wielding a weapon of freezing (flame, lightly damaged)
You feel a surge of power!
The bolt of magma hits TheDeThijs's ghost.
TheDeThijs's ghost partially resists.
TheDeThijs's ghost is moderately damaged.
TheDeThijs's ghost is engulfed in blazing flames.
TheDeThijs's ghost hits you! TheDeThijs's ghost freezes you.
TheDeThijs's ghost is engulfed in blazing flames.
TheDeThijs's ghost hits you!!
* * * LOW HITPOINT WARNING * * *
TheDeThijs's ghost freezes you.
You die...

...≈≈≈
..≈≈..
≈≈≈≈≈≈≈≈≈
≈♣≈≈...
≈§§§≈≈≈≈
♣♣≈≈≈≈≈.
.§≈§≈≈
..≈≈ ♣§§
♣♣W♣♣
♣..@♣
♣.≈♣♣
♣♣♣♣


You could see TheDeThijs's ghost.

Vanquished Creatures
  Saint Roka (Orc:2)
  A tentacled monstrosity (Swamp:4)
  A thorn hunter (Swamp:2)
  A very ugly thing (Swamp:3)
  2 minotaurs
  An ice dragon (Lair:6)
  13 hydras
  Harold (Lair:4)
  A catoblepas (Lair:6)
  11 two-headed ogres
  2 alligators
  6 death yaks (Lair:6)
  Urug (Orc:1)
  4 orc high priests (Orc:2)
  3 shambling mangroves
  An unseen horror (D:10)
  3 swamp dragons
  A spriggan druid (Swamp:3)
  2 lindwurms (Lair:6)
  The ghost of graki42 the Cudgeler, a novice GrFi of the Shining One (D:8)
  Pikel (D:6)
  6 orc knights
  4 orc sorcerers (Orc:2)
  3 oklob plants (Lair:4)
  A manticore (D:9)
  An ice statue (D:9)
  Maurice (D:9)
  3 elephants (Lair:6)
  Joseph (D:9)
  5 torpor snails (Lair:6)
  A centaur zombie (D:10)
  3 black mambas
  Psyche (D:10)
  15 spiny frogs
  3 komodo dragons
  4 rime drakes
  7 hornets (Lair:6)
  4 trolls
  8 slime creatures
  A polar bear (Lair:6)
  13 tyrant leeches
  5 dream sheep (Lair:3)
  3 bog bodies
  8 hippogriffs
  A spriggan (D:7)
  2 shadows
  4 fire bats (Lair:4)
  5 wyverns
  9 yaks
  A basilisk (Lair:6)
  14 vampire mosquitoes
  5 insubstantial wisps (Swamp:3)
  2 steam dragons (Lair:6)
  6 wargs
  27 swamp worms
  2 acid dragons (Lair:6)
  7 water moccasins
  3 porcupines
  5 ice beasts
  A sky beast (D:5)
  A slave (D:6)
  4 swamp drakes
  51 orc warriors
  16 ogres
  A necrophage (D:7)
  A centaur (D:5)
  8 crocodiles
  A big kobold (D:7)
  7 bullfrogs
  A gnoll sergeant (D:7)
  A wyvern zombie (D:8)
  A scorpion (D:10)
  15 killer bees
  3 electric eels
  2 howler monkeys
  7 jellies
  2 crimson imps
  A quasit (D:5)
  27 orc priests
  22 orc wizards
  2 centaur skeletons
  A bullfrog skeleton (D:9)
  3 hounds
  3 iguanas
  5 worker ants
  A killer bee zombie (D:6)
  A howler monkey zombie (D:7)
  A worker ant zombie (D:9)
  5 gnolls (D:7)
  5 adders
  A shadow imp (D:6)
  2 oozes (Lair:6)
  An adder skeleton (D:3)
  A worm (D:2)
  A dart slug (D:3)
  5 leopard geckos
  100 orcs
  A ball python (D:1)
  9 bats
  4 giant cockroaches
  2 gnoll zombies (D:6)
  5 hobgoblins
  12 jackals
  10 kobolds
  9 quokkas
  5 frilled lizards
  15 goblins
  A jackal skeleton (D:4)
  10 rats
  3 bushes (Lair:4)
  A fungus (Lair:6)
  14 plants
664 creatures vanquished.

Vanquished Creatures (others)
  2 slaves (D:6)
  A centaur (D:6)
  An orc wizard (Orc:2)
  A worker ant (D:6)
  4 orcs (D:6)
  A bush (Lair:6)
  14 fungi
  23 plants
47 creatures vanquished.

Grand Total: 711 creatures vanquished

Notes
Turn   | Place    | Note
-------+----------+-------------------------------------------
     0 | D:1      | graki42 the Deep Elf Fire Elementalist began the quest for the Orb.
     0 | D:1      | Reached XP level 1. HP: 10/10 MP: 6/6
   142 | D:1      | Reached XP level 2. HP: 15/15 MP: 6/8
   522 | D:1      | Reached XP level 3. HP: 18/19 MP: 0/10
  1522 | D:2      | Found a faded altar of an unknown god.
  1530 | D:2      | Noticed an ice beast
  1537 | D:2      | Killed an ice beast
  1537 | D:2      | Reached skill level 4 in Spellcasting
  1537 | D:2      | Reached XP level 4. HP: 24/24 MP: 6/12
  1537 | D:2      | Reached XP level 5. HP: 28/28 MP: 6/13
  1568 | D:2      | Learned a level 3 spell: Conjure Flame
  1572 | D:2      | Learned a level 3 spell: Inner Flame
  1577 | D:2      | Learned a level 4 spell: Sticky Flame
  1589 | D:2      | Gained mutation: You are resistant to hostile enchantments. (MR+) [potion of mutation]
  1589 | D:2      | Gained mutation: You have sharp toenails. [potion of mutation]
  1589 | D:2      | Gained mutation: You have a pair of small horns on your head. [potion of mutation]
  1589 | D:2      | Gained mutation: You are partially covered in slimy green scales. (AC +2) [potion of mutation]
  1836 | D:2      | Noticed an ogre
  1876 | D:2      | Killed an ogre
  1876 | D:2      | Reached skill level 5 in Spellcasting
  1876 | D:2      | Reached skill level 5 in Fire Magic
  1954 | D:3      | Reached XP level 6. HP: 32/32 MP: 6/16
  2419 | D:3      | Found a hide-covered altar of Uskayaw.
  2420 | D:3      | Noticed a dagger
  2420 | D:3      | Noticed a dagger
  2426 | D:3      | Found a shadowy altar of Dithmenos.
  3516 | D:4      | Reached skill level 6 in Spellcasting
  3947 | D:5      | Entered Level 5 of the Dungeon
  3951 | D:5      | Noticed an ice beast
  3958 | D:5      | Killed an ice beast
  3958 | D:5      | Reached XP level 7. HP: 36/36 MP: 12/18
  4289 | D:5      | Found a burning altar of Makhleb.
  4366 | D:5      | Reached skill level 7 in Spellcasting
  4371 | D:5      | Reached skill level 1 in Hexes
  4499 | D:5      | Found an opulent altar of Gozag.
  4690 | D:6      | Found a hazy altar of Hepliaklqana.
  4750 | D:6      | Learned a level 5 spell: Fireball
  4787 | D:6      | Noticed Pikel
  4801 | D:6      | Killed Pikel
  4801 | D:6      | Reached skill level 8 in Spellcasting
  4801 | D:6      | Reached skill level 5 in Conjurations
  4801 | D:6      | Reached XP level 8. HP: 41/41 MP: 0/22
  4881 | D:6      | Noticed an angel
  4885 | D:6      | Found a shimmering altar of Xom.
  4885 | D:6      | Found a glowing silver altar of Zin.
  5139 | D:6      | Found a basalt altar of Yredelemnul.
  5252 | D:6      | Found a staircase to the Ecumenical Temple.
  5256 | Temple   | Entered the Ecumenical Temple
  5704 | D:7      | Found a blossoming altar of Fedhas.
  5955 | D:7      | Reached skill level 1 in Armour
  6081 | D:7      | Reached XP level 9. HP: 36/46 MP: 14/23
  6108 | D:7      | Reached skill level 9 in Spellcasting
  6700 | D:7      | Found a shattered altar of Ashenzari.
  6722 | D:7      | Found a snail-covered altar of Cheibriados.
  6786 | D:7      | Found an ornate altar of the Wu Jian Council.
  7011 | D:8      | Noticed a two-headed ogre
  7024 | D:8      | Killed a two-headed ogre
  7024 | D:8      | Reached skill level 1 in Long Blades
  7024 | D:8      | Reached skill level 10 in Spellcasting
  7149 | D:8      | Reached skill level 5 in Dodging
  7391 | D:8      | Reached XP level 10. HP: 51/51 MP: 16/26
  7635 | D:8      | Noticed a two-headed ogre
  7641 | D:8      | Reached skill level 1 in Fighting
  7647 | D:8      | Killed a two-headed ogre
  7647 | D:8      | Reached skill level 11 in Spellcasting
  7889 | D:8      | Noticed graki42's ghost (novice GrFi)
  7912 | D:8      | Killed graki42's ghost
  8038 | D:9      | Noticed Joseph
  8155 | D:9      | Noticed Maurice
  8172 | D:9      | Killed Maurice
  8209 | D:9      | Noticed a manticore
  8394 | D:9      | Noticed a two-headed ogre
  8409 | D:9      | Killed a two-headed ogre
  8409 | D:9      | Reached skill level 12 in Spellcasting
  8409 | D:9      | Reached skill level 10 in Fire Magic
  8504 | D:9      | Found a staircase to the Orcish Mines.
  8523 | D:9      | Found Musi's Assorted Antiques.
  8580 | D:9      | Noticed a two-headed ogre
  8589 | D:9      | Killed a two-headed ogre
  8589 | D:9      | Reached XP level 11. HP: 27/56 MP: 0/29
  8785 | D:9      | Found a radiant altar of Vehumet.
  8801 | D:9      | Became a worshipper of Vehumet
  8840 | D:9      | Killed Joseph
  9556 | D:9      | Got a shimmering helmet
  9679 | D:10     | Entered Level 10 of the Dungeon
  9719 | D:10     | Reached skill level 1 in Evocations
  9794 | D:10     | Found a staircase to the Lair.
  9812 | D:10     | Noticed an unseen horror
  9814 | D:10     | Killed an unseen horror
  9823 | D:10     | Noticed Psyche
  9825 | D:10     | Killed Psyche
 10191 | D:10     | Reached * piety under Vehumet
 10191 | D:10     | Offered knowledge of Sandblast by Vehumet.
 10191 | D:10     | Reached skill level 13 in Spellcasting
 10349 | Lair:1   | Entered Level 1 of the Lair of Beasts
 10432 | Lair:1   | Reached skill level 5 in Stealth
 10508 | Lair:1   | Noticed an eight-headed hydra
 10511 | Lair:1   | Killed an eight-headed hydra
 10574 | Lair:1   | Noticed a six-headed hydra
 10591 | Lair:1   | Killed a six-headed hydra
 10979 | Lair:1   | Reached skill level 10 in Conjurations
 11398 | Lair:2   | Found a labyrinth entrance.
 11410 | Lab      | Entered a labyrinth
 11825 | Lab      | Noticed a minotaur
 11832 | Lab      | Killed a minotaur
 11902 | Lab      | Got an ebony morningstar
 11904 | Lab      | Identified the +4 morningstar of Taxation {flame, Dex+5} (You found it in a labyrinth)
 11908 | Lab      | Identified the +2 helmet "Syleq" {rPois rN++ Str-4 Stlth+} (You found it on level 9 of the Dungeon)
 11999 | Lair:2   | Found a staircase to the Snake Pit.
 12395 | Lair:2   | Reached XP level 12. HP: 61/61 MP: 22/31
 12872 | Lair:1   | Upgraded the game from 0.21-a0-633-g4c047d5 to 0.22-a0-21-g9421e3f
 13396 | Lair:3   | Reached skill level 14 in Spellcasting
 13399 | Lair:3   | Noticed a six-headed hydra
 13404 | Lair:3   | Noticed a five-headed hydra
 13603 | Lair:3   | Killed a six-headed hydra
 14073 | Lair:3   | Found a staircase to the Swamp.
 14208 | Lair:3   | Killed a five-headed hydra
 15432 | Lair:5   | Reached ** piety under Vehumet
 15535 | Lair:5   | Got an encrusted trident
 15536 | Lair:5   | Identified the cursed +1 trident "Xuiwir" {freeze, -Tele rF+ Int+4 Dex+8} (You found it on level 5 of the Lair of Beasts)
 15627 | Lair:4   | Offered knowledge of Freeze by Vehumet.
 15627 | Lair:4   | Reached skill level 15 in Spellcasting
 15628 | Lair:4   | Noticed Harold
 15652 | Lair:4   | Killed Harold
 17105 | Lair:6   | Entered Level 6 of the Lair of Beasts
 17110 | Lair:6   | Noticed a death yak
 17111 | Lair:6   | Noticed a death yak
 17111 | Lair:6   | Noticed a death yak
 17112 | Lair:6   | Noticed a death yak
 17199 | Lair:6   | Reached XP level 13. HP: 65/65 MP: 34/34
 17511 | Lair:6   | Offered knowledge of Ignite Poison by Vehumet.
 18043 | Lair:6   | Reached skill level 16 in Spellcasting
 18159 | Lair:6   | Reached *** piety under Vehumet
 18286 | Lair:6   | Found a staircase to the Slime Pits.
 19064 | Lair:6   | Noticed a fire dragon
 19071 | Lair:6   | Noticed a minotaur
 19071 | Lair:6   | a fire dragon changed into a minotaur
 19074 | Lair:6   | Killed a minotaur
 19139 | Lair:6   | Offered knowledge of Dazzling Spray by Vehumet.
 19619 | Lair:6   | Found a runed door.
 20889 | Orc:1    | Entered Level 1 of the Orcish Mines
 20889 | Orc:1    | Noticed Urug
 20894 | Orc:1    | Killed Urug
 20904 | Orc:1    | Reached **** piety under Vehumet
 21024 | Orc:1    | Offered knowledge of Irradiate by Vehumet.
 21095 | Orc:1    | Found a flagged portal.
 21101 | Bailey   | Entered a bailey
 21645 | Orc:2    | Entered Level 2 of the Orcish Mines
 21773 | Orc:2    | Reached XP level 14. HP: 67/71 MP: 34/36
 21776 | Orc:2    | Reached skill level 17 in Spellcasting
 22443 | Orc:2    | Reached ***** piety under Vehumet
 22575 | Orc:2    | Offered knowledge of Bolt of Magma by Vehumet.
 22582 | Orc:2    | Learned a level 5 spell: Bolt of Magma
 22936 | Orc:2    | Noticed Saint Roka
 22991 | Orc:2    | Killed Saint Roka
 22991 | Orc:2    | Reached skill level 15 in Fire Magic
 22991 | Orc:2    | Reached skill level 1 in Earth Magic
 23525 | Orc:2    | Found a staircase to the Elven Halls.
 24125 | Orc:2    | Found a roughly hewn altar of Beogh.
 24212 | Orc:2    | Found Icuagg's Book Shoppe.
 24343 | Orc:2    | Found Mushre's Assorted Antiques.
 24352 | Orc:2    | Bought a weird jewelled staff for 300 gold pieces
 24352 | Orc:2    | Bought a brightly glowing hand axe for 200 gold pieces
 24352 | Orc:2    | Bought a scratched agate ring for 125 gold pieces
 24352 | Orc:2    | Bought a paperback book for 375 gold pieces
 24353 | Orc:2    | Identified the +7 hand axe of Compassion {flame, Int+6} (You bought it in a shop on level 2 of the Orcish Mines)
 24397 | Orc:2    | Offered knowledge of Poison Arrow by Vehumet.
 24697 | Orc:2    | Found a roughly hewn altar of Beogh.
 24844 | Orc:2    | Found Ureesug's Jewellery Emporium.
 24854 | Orc:2    | Found Eroemeeq's Magic Scroll Shoppe.
 24858 | Orc:2    | Reached skill level 18 in Spellcasting
 25275 | Lair:1   | Learned a level 6 spell: Invisibility
 25342 | Swamp:1  | Entered Level 1 of the Swamp
 25732 | Swamp:1  | Reached skill level 5 in Hexes
 27118 | Swamp:2  | Offered knowledge of Spellforged Servitor by Vehumet.
 27282 | Swamp:2  | Noticed a thorn hunter
 27286 | Swamp:2  | Killed a thorn hunter
 27286 | Swamp:2  | Reached XP level 15. HP: 75/75 MP: 26/39
 29039 | Swamp:4  | Entered Level 4 of the Swamp
 29217 | Swamp:4  | Noticed TheDeThijs's ghost (adept HOFi)
 29418 | Swamp:3  | Reached skill level 15 in Conjurations
 29827 | Swamp:4  | Noticed a tentacled monstrosity
 29834 | Swamp:4  | Killed a tentacled monstrosity
 29978 | Swamp:4  | Slain by TheDeThijs's ghost

Vault maps used:
D:1:      erik_arrival_cave_to_civilisation
D:2:      chequers_ecumenical_altar_simple
D:3:      kennysheep_big_flooded_room, dancing_weapons_uskayaw,
          grunt_dithmenos_smoke
D:4:      first_ration
D:5:      cheibrodos_quashed, grunt_gozag_statues, kennysheep_decorative_pillar,
          bloody_makhleb
D:6:      grunt_temple_overflow_order_and_chaos_1,
          lemuel_zombie_altar_yredelemnul, old_standard_altar, temple_statues,
          uniq_pikel
D:7:      lemuel_coloured_pillars_altar, overflow_temple_1_default,
          gammafunk_temple_overflow_pools, the_bakery, nrook_pool_corridor
D:9:      lemuel_ice_statue, vehumet_altar_wand_db, orc_0_dummy, serial_shops,
          shop, dk_noncrumbling_4, uniq_maurice, uniq_joseph
D:10:     lair_entry_dummy, uniq_psyche
Temple:   compressed_dpeg_circular_temple
Lair:2:   dummy_snake_entry, lab_entry_generic, grunt_megastairs_3,
          lemuel_fruit_fields, serial_bayou_shore_b
Lair:3:   nicolae_swamp_entry_splash_gauntlet
Lair:4:   disabler_island, uniq_harold
Lair:5:   minmay_holes, grunt_megastairs_1
Lair:6:   guppyfry_lair_end_dragon, wormcave, nicolae_slime_entry_slimehenge
Swamp:1:  hangedman_swamp_blocks, infiniplex_staircase_pool_2
Swamp:2:  serial_swamp_ruin, evilmike_swamp_ruin_wall,
          evilmike_swamp_ruin_house_2, swamp_pool1
Swamp:3:  hangedman_swamp_ruin_wall, swamp_pool1
Swamp:4:  swamp_old_school, infiniplex_staircase_pool, uniq_roxanne
Orc:1:    nicolae_volcano_entry_s_turn, enter_bailey_3, uniq_urug
Orc:2:    pubby_orc_utopia
Lab:      labyrinth_hidden_loot
Bailey:   bailey_polearm_4, bailey

Skill      XL: |  1  2  3  4  5  6  7  8  9 10 11 12 13 14 15 |
---------------+----------------------------------------------+-----
Fire Magic     | 4 5 7 8 10 11 13 14 15 16 | 16.0
Spellcasting   | 4 5 6 8 10 12 13 15 16 18 | 18.9
Conjurations   | 2 3 5 6 7 8 10 12 13 14 15 | 15.0
Dodging        | 3 4 5 6 |  6.9
Stealth        | 3 4 5 |  5.8
Hexes          | 1 2 3 4 5 7 |  7.1
Armour         | 1 2 |  2.5
Long Blades    | 1 2 |  2.3
Fighting       | 1 |  1.9
Evocations     | 1 2 3 |  3.0
Earth Magic    | 2 3 |  3.3
Polearms       | |  0.9

Action                   |  1- 3 |  4- 6 |  7- 9 | 10-12 | 13-15 || total
-------------------------+-------+-------+-------+-------+-------++-------
Melee: Unarmed           |     5 |       |       |       |       ||     5
       Long sword        |       |     1 |    26 |     5 |       ||    32
       Kick              |       |       |     5 |     5 |       ||    10
       Headbutt          |       |       |       |     5 |       ||     5
       Trident           |       |       |       |    14 |     3 ||    17
       Staff             |       |       |       |     4 |     2 ||     6
 Cast: Flame Tongue      |    75 |    80 |   131 |   190 |   119 ||   595
       Sticky Flame      |       |     2 |    19 |    52 |    44 ||   117
       Inner Flame       |       |     2 |     8 |     9 |    16 ||    35
       Conjure Flame     |       |     1 |     8 |    11 |    17 ||    37
       Fireball          |       |       |     6 |    90 |   321 ||   417
       Bolt of Magma     |       |       |       |       |    73 ||    73
       Invisibility      |       |       |       |       |     4 ||     4
 Abil: Evoke Flight      |       |       |       |     2 |     6 ||     8
       Stop Flying       |       |       |       |     1 |       ||     1
Evoke: Wand              |       |       |     1 |     2 |     8 ||    11
  Use: Scroll            |       |     7 |     4 |    12 |    18 ||    41
       Potion            |       |     1 |       |     2 |     7 ||    10
 Stab: Sleeping          |       |     1 |       |       |       ||     1
  Eat: Chunk             |     2 |     7 |    25 |    36 |    44 ||   114
Armor: Robe              |     6 |     7 |    14 |    37 |     3 ||    67
       Leather armour    |       |       |    10 |       |    16 ||    26
       Skin              |       |       |       |       |     6 ||     6
Dodge: Dodged            |    41 |    18 |    73 |   101 |   135 ||   368
Block: Other             |       |       |     2 |       |       ||     2
       Rpst.: Falchion   |       |     3 |       |       |       ||     3
       Long sword        |       |       |    13 |     4 |       ||    17

Table legend:
 A = Spawn XP
 B = Non-spawn XP
 C = Spawn XP percentage of total XP
 D = Spawn monster count
 E = Non-spawn monster count
 F = Spawn count percentage of total count
 G = Total turns spent on level
                    A         B        C        D         E        F      G
               +---------+---------+-------+---------+---------+-------+---------
         Total |       0 |  128565 |   0.0 |       0 |     645 |   0.0 | 29978
               +---------+---------+-------+---------+---------+-------+---------
           D:1 |       0 |      61 |   0.0 |       0 |      37 |   0.0 |  1452
           D:2 |       0 |     311 |   0.0 |       0 |      13 |   0.0 |   474
           D:3 |       0 |      50 |   0.0 |       0 |      23 |   0.0 |  1061
           D:4 |       0 |     248 |   0.0 |       0 |       8 |   0.0 |   960
           D:5 |       0 |     636 |   0.0 |       0 |      15 |   0.0 |   741
           D:6 |       0 |     921 |   0.0 |       0 |      13 |   0.0 |  1158
           D:7 |       0 |    1384 |   0.0 |       0 |      36 |   0.0 |   957
           D:8 |       0 |    3971 |   0.0 |       0 |      22 |   0.0 |  1184
           D:9 |       0 |    5747 |   0.0 |       0 |      34 |   0.0 |  1752
          D:10 |       0 |    2952 |   0.0 |       0 |      26 |   0.0 |   713
        Lair:1 |       0 |    3103 |   0.0 |       0 |       9 |   0.0 |  1420
        Lair:2 |       0 |    1720 |   0.0 |       0 |       7 |   0.0 |  1019
        Lair:3 |       0 |    5968 |   0.0 |       0 |      20 |   0.0 |  1727
        Lair:4 |       0 |    7187 |   0.0 |       0 |      23 |   0.0 |  1355
        Lair:5 |       0 |    1826 |   0.0 |       0 |      10 |   0.0 |  1236
        Lair:6 |       0 |   22252 |   0.0 |       0 |      58 |   0.0 |  3309
       Swamp:1 |       0 |    7863 |   0.0 |       0 |      23 |   0.0 |  1932
       Swamp:2 |       0 |    8578 |   0.0 |       0 |      25 |   0.0 |  1025
       Swamp:3 |       0 |   13547 |   0.0 |       0 |      36 |   0.0 |  1472
       Swamp:4 |       0 |    6725 |   0.0 |       0 |       8 |   0.0 |   207
         Orc:1 |       0 |    1953 |   0.0 |       0 |      38 |   0.0 |   532
         Orc:2 |       0 |   27999 |   0.0 |       0 |     144 |   0.0 |  3429
           Lab |       0 |    1105 |   0.0 |       0 |       1 |   0.0 |   502
        Bailey |       0 |    2458 |   0.0 |       0 |      16 |   0.0 |   279
               +---------+---------+-------+---------+---------+-------+---------
